 Dungeon Crawl Stone Soup version 0.24.0-123-gd5b16e6ec5 (webtiles) character file.

Game seed: 493378724127729004, levelgen mode: deterministic

816 Norian the Magician (level 7, -6/36 HPs)
             Began as a Deep Elf Conjurer on Dec 27, 2019.
             Mangled by Prince Ribbit (18 damage)
             ... on level 5 of the Dungeon.
             The game lasted 00:05:50 (4131 turns).

Norian the Magician (Deep Elf Conjurer)             Turns: 4131, Time: 00:05:51

Health: -6/36      AC:  3    Str:  7    XL:     7   Next: 62%
Magic:  8/20       EV: 13    Int: 20    God:
Gold:   164        SH:  0    Dex: 15    Spells: 12/21 levels left

rFire    . . .     SeeInvis .   (no weapon)
rCold    . . .     Gourm    .   (no shield)
rNeg     . . .     Faith    .   a - +0 robe
rPois    .         Spirit   .   (no helmet)
rElec    .         Reflect  .   g - +0 cloak
rCorr    .         Harm     .   (no gloves)
MR       .....                  (no boots)
Stlth    ++........             (no amulet)
HPRegen  0.12/turn              (no ring)
MPRegen  0.17/turn              (no ring)

@: no status effects
A: no striking features
a: no special abilities


You were on level 5 of the Dungeon.
You were not hungry.

You visited 1 branch of the dungeon, and saw 5 of its levels.

You collected 164 gold pieces.

Inventory:

Armour
 a - a +0 robe (worn)
 g - a +0 cloak (worn)
Wands
 m - a wand of enslavement (2)
 r - a wand of flame (13)
Scrolls
 b - 6 scrolls of identify {unknown}
 e - a scroll of immolation {unknown}
 h - 2 scrolls of teleportation {unknown}
 i - 2 scrolls of fear {unknown}
 k - a scroll of blinking {unknown}
 l - a scroll of remove curse {unknown}
 n - a scroll of fog {unknown}
 q - a scroll of amnesia {unknown}
Potions
 d - 2 potions of curing
 f - 3 potions of heal wounds {unknown}
 j - a potion of brilliance {unknown}
 o - a potion of mutation {unknown}
 p - 2 potions of ambrosia {unknown}
Comestibles
 c - 3 rations


   Skills:
 - Level 2.4 Dodging
 - Level 2.4 Stealth
 + Level 7.7 Spellcasting
 + Level 7.5 Conjurations
 + Level 4.5 Hexes


You had 12 spell levels left.
You knew the following spells:

 Your Spells              Type           Power        Failure   Level  Hunger
a - Magic Dart            Conj           ####         1%          1    None
b - Iskenderun's Mystic   Conj           #####...     4%          4    ###....
c - Fulminant Prism       Conj/Hex       ####......   8%          4    ###....

Your spell library contained the following spells:

 Spells                   Type           Power        Failure   Level  Hunger
 Searing Ray              Conj           #####.       1%          2    None
 Dazzling Spray           Conj/Hex       ####..       2%          3    None
 Force Lance              Conj/Tloc      ###.....     19%         4    ###....


Dungeon Overview and Level Annotations

Branches:
Dungeon (5/15)
 Temple: D:4-7

Altars:
Dithmenos
Wu Jian

Annotations:
D:5 Prince Ribbit


Message History

Items here: ! $ ) รท a +0 flail; a smoky grey potion; 5 gold pieces; an orc skeleton The ogre shouts!
The ogre hits you with a +0 giant club!
* * * LOW HITPOINT WARNING * * *
There is an open door here.
You see here a +0 trident.
There is an open door here.
Okay, then.
Prince Ribbit lets out a mournful croak.
You feel better. Prince Ribbit closely misses you. The ogre barely misses you.
Prince Ribbit barely misses you. Prince Ribbit barely misses you.
Prince Ribbit hits you!
* * * LOW HITPOINT WARNING * * *
You feel better.
Prince Ribbit hits you but does no damage.
Prince Ribbit hits you!!
Ouch! That really hurt!
You die...

#..#......##...#..........
#..#<..........#..........
#..#...........#
#..##.##..##...#
#..##.###'##...#
#......+..##...#
#......#.)#....#
#......#..#....########
#......#.@#....'......#
#.....)...F....#......#
####.......############
#..._...# ##......#
#......# ########


You could see Prince Ribbit.

Vanquished Creatures
  Eustachio (D:5)
  Blork the orc (D:4)
  A bullfrog (D:5)
  A crimson imp (D:5)
  A centaur zombie (D:5)
  An orc priest (D:5)
  A jelly (D:5)
  Natasha (thrice) (D:3)
  2 orc wizards
  2 worker ants
  A hound zombie (D:5)
  3 gnolls (D:5)
  8 adders
  4 oozes
  2 adder skeletons (D:4)
  A worm (D:3)
  3 dart slugs (D:1)
  3 leopard geckos
  12 orcs
  A ball python (D:5)
  2 giant cockroaches
  9 goblins
  4 hobgoblins (D:1)
  15 jackals
  5 kobolds
  2 quokkas (D:3)
  4 bats
  3 frilled lizards (D:1)
  6 rats
102 creatures vanquished.

Vanquished Creatures (others)
  3 fulminant prisms (D:5)
3 creatures vanquished.

Grand Total: 105 creatures vanquished

Notes
Turn   | Place    | Note
-------+----------+-------------------------------------------
     0 | D:1      | Norian the Deep Elf Conjurer began the quest for the Orb.
     0 | D:1      | Reached XP level 1. HP: 10/10 MP: 6/6
   132 | D:1      | Reached XP level 2. HP: 8/15 MP: 0/8
   453 | D:1      | Reached skill level 5 in Conjurations
   453 | D:1      | Reached XP level 3. HP: 19/19 MP: 3/10
  1269 | D:2      | Reached XP level 4. HP: 24/24 MP: 7/12
  1276 | D:2      | Learned a level 4 spell: Iskenderun's Mystic Blast
  1281 | D:2      | Learned a level 4 spell: Fulminant Prism
  1726 | D:3      | Reached skill level 5 in Spellcasting
  1883 | D:3      | Found a shadowy altar of Dithmenos.
  1887 | D:3      | Noticed Natasha
  1892 | D:3      | Killed Natasha
  1898 | D:3      | Noticed Natasha
  1902 | D:3      | Killed Natasha
  1902 | D:3      | Reached XP level 5. HP: 22/28 MP: 4/15
  2430 | D:3      | Noticed Natasha
  2435 | D:3      | Killed Natasha
  2661 | D:3      | Found an ornate altar of the Wu Jian Council.
  2841 | D:4      | Noticed Blork the orc
  3085 | D:4      | Reached skill level 1 in Hexes
  3085 | D:4      | Reached XP level 6. HP: 32/32 MP: 12/17
  3405 | D:4      | Killed Blork the orc
  3499 | D:5      | Entered Level 5 of the Dungeon
  3572 | D:5      | Found an ornate altar of the Wu Jian Council.
  3703 | D:5      | Reached XP level 7. HP: 21/36 MP: 11/19
  3872 | D:5      | Noticed Eustachio
  3960 | D:5      | Killed Eustachio
  4107 | D:5      | Noticed Prince Ribbit
  4128 | D:5      | HP: 1/36 [Prince Ribbit (15)]
  4131 | D:5      | Mangled by Prince Ribbit

Levels and vault maps discovered:
D:1:      dpeg_arrival_concentric_ovals, layout_basic
D:2:      layout_loops_ring, first_ration
D:3:      layout_loops_corners, marbit_many_paths,
          nicolae_dithmenos_shadow_blocks, uniq_natasha
D:4:      layout_rooms, uniq_blork_the_orc
D:5:      layout_gridville, basic_altar, roderic_serpentine_path,
          uniq_prince_ribbit1, uniq_eustachio

Skill      XL: |  1  2  3  4  5  6  7 |
---------------+----------------------+-----
Spellcasting   | 4 5 6 7 |  7.7
Conjurations   | 5 6 7 |  7.5
Hexes          | 1 3 4 |  4.5
Dodging        | |  2.4
Stealth        | |  2.4

Action                   |  1- 3 |  4- 6 |  7- 9 || total
-------------------------+-------+-------+-------++-------
Melee: Unarmed           |     5 |       |     1 ||     6
 Cast: Magic Dart        |    88 |   129 |    28 ||   245
       Iskenderun's Myst |       |     7 |     8 ||    15
       Fulminant Prism   |       |     1 |     2 ||     3
Evoke: Wand              |       |       |     2 ||     2
  Use: Potion            |       |       |     3 ||     3
  Eat: Chunk             |     1 |     4 |     3 ||     8
       Ration            |       |     1 |       ||     1
Armor: Robe              |     4 |     4 |     5 ||    13
Dodge: Dodged            |    10 |    19 |    13 ||    42
